 Dungeon Crawl Stone Soup version 0.23-a0-183-gf37f6fb (webtiles) character file.

310 iamserjio the Shooter (level 6, 0/53 HPs)
             Began as a Draconian Wanderer on Sept 21, 2018.
             Slain by Natasha (9 damage)
             ... on level 4 of the Dungeon.
             The game lasted 00:07:07 (5594 turns).

iamserjio the Shooter (Draconian Wanderer)          Turns: 5594, Time: 00:07:07

Health: 0/53       AC:  7    Str: 15    XL:     6   Next: 18%
Magic:  6/6        EV: 13    Int: 13    God:
Gold:   156        SH:  0    Dex: 11    Spells: 5/5 levels left

rFire    . . .     SeeInvis .   a - +2 hand axe
rCold    . . .     Gourm    .   (no shield)
rNeg     . . .     Faith    .   (armour unavailable)
rPois    .         Spirit   .   (helmet restricted)
rElec    .         Reflect  .   (no cloak)
rCorr    .         Harm     .   e - +0 pair of gloves
MR       .....                  (no boots)
Stlth    +.........             (no amulet)
HPRegen  0.17/turn              (no ring)
MPRegen  0.10/turn              (no ring)

@: no status effects
A: unfitting armour, cold-blooded, AC +6
a: no special abilities


You were on level 4 of the Dungeon.
You were not hungry.

You visited 1 branch of the dungeon, and saw 4 of its levels.

You collected 156 gold pieces.

Inventory:

Hand Weapons
 a - a +2 hand axe (weapon)
 b - a +0 shortbow
 h - a +0 flail
 q - a +0 short sword of protection
 r - a +0 dagger of pain
 t - a cursed -2 trident
Missiles
 c - 60 arrows
Armour
 e - a +0 pair of gloves (worn)
Jewellery
 g - an uncursed ring of protection from magic {unknown}
 u - an uncursed ring of protection from magic {unknown}
Scrolls
 j - 2 scrolls of immolation {unknown}
 k - a scroll of blinking {unknown}
 o - a scroll of random uselessness {unknown}
 p - 3 scrolls of remove curse {unknown}
 s - 2 scrolls of amnesia {unknown}
Potions
 d - a potion of resistance {unknown}
 i - a potion of might
 l - a potion of ambrosia {unknown}
 m - a potion of heal wounds {unknown}
 n - a potion of degeneration {unknown}
 v - a potion of brilliance {unknown}
Comestibles
 f - 3 rations


   Skills:
 - Level 4.3 Fighting
 - Level 1.0 Axes
 * Level 5.4 Bows
 - Level 3.1 Dodging
 - Level 1.0 Stealth
   Level 1.0 Shields


You had 5 spell levels left.
You didn't know any spells.
Your spell library was empty.

Dungeon Overview and Level Annotations

Branches:
Dungeon (4/15)
 Temple: D:4-7

Altars:
Ashenzari
Dithmenos
Gozag
Hepliaklqana
Kikubaaqudgha
Xom

Annotations:
D:4 Natasha


Innate Abilities, Weirdness & Mutations

Your plain brown scales are hard. (AC +6)
You cannot fit into any form of body armour.
You are cold-blooded and may be slowed by cold attacks.


Message History

Natasha barely misses you.
You hit Natasha. Natasha barely misses you.
You closely miss Natasha. Natasha claws you. Natasha claws you!
You hit Natasha. Natasha completely misses you.
You miss Natasha. Natasha barely misses you.
You barely miss Natasha.
Natasha stares at you and mumbles some strange words.
The magic dart hits you!
* * * LOW HITPOINT WARNING * * *
You barely miss Natasha. Natasha closely misses you. Natasha barely misses you.
You closely miss Natasha. Natasha misses you.
You hit Natasha.
Your tail-slap misses Natasha.
Natasha completely misses you.
You completely miss Natasha.
Your tail-slap misses Natasha.
Natasha barely misses you.
You barely miss Natasha. Natasha casts a spell at you. The magic dart hits you!
* * * LOW HITPOINT WARNING * * *
You hit Natasha but do no damage. Natasha claws you!
You die...

#( #.......# ...[ #..
#.......# .... #.#
.......# ..... #.#
####.....#
....$##.###..>.....##..
.......................
........#####..<.......
......h................
....##@#..........##..
. #..#............
.............##........
.>#######....######....
#>...# ..## ##..... .?
#...## #...# ..#


You could see Natasha.

Vanquished Creatures
  A scorpion (D:3)
  Jessica (D:3)
  Natasha (D:2)
  3 orc wizards
  A worker ant (D:4)
  2 adders
  2 oozes
  2 worms
  3 dart slugs
  2 leopard geckos (D:1)
  4 orcs
  3 giant cockroaches
  8 goblins
  8 hobgoblins
  4 jackals (D:2)
  2 quokkas
  A ball python (D:3)
  3 bats
  4 frilled lizards
  5 kobolds
  9 rats
69 creatures vanquished.

Notes
Turn   | Place    | Note
-------+----------+-------------------------------------------
     0 | D:1      | iamserjio the Draconian Wanderer began the quest for the
                  | Orb.
     0 | D:1      | iamserjio set off with: a +2 hand axe, a +0 shortbow, 27
                  | arrows, a potion of curing {@q1}, a ration
     0 | D:1      | Reached XP level 1. HP: 22/22 MP: 1/1
    23 | D:1      | Reached skill level 1 in Dodging
   123 | D:1      | Reached XP level 2. HP: 25/28 MP: 2/2
   274 | D:1      | Reached skill level 3 in Bows
   730 | D:2      | Found a shimmering altar of Xom.
   730 | D:2      | Found an ancient bone altar of Kikubaaqudgha.
   735 | D:2      | Found a faded altar of an unknown god.
   737 | D:2      | Found a shattered altar of Ashenzari.
   739 | D:2      | Found a hazy altar of Hepliaklqana.
  1003 | D:1      | Reached XP level 3. HP: 30/34 MP: 3/3
  1039 | D:2      | Reached XP level 4. HP: 38/41 MP: 4/4
  1096 | D:2      | Reached skill level 4 in Bows
  1445 | D:2      | Noticed Natasha
  1647 | D:2      | Found a shadowy altar of Dithmenos.
  1843 | D:2      | Found an opulent altar of Gozag.
  1861 | D:2      | Reached XP level 5. HP: 47/47 MP: 5/5
  2533 | D:3      | Noticed Jessica
  2545 | D:3      | Killed Jessica
  2824 | D:3      | Reached skill level 5 in Bows
  3082 | D:2      | Killed Natasha
  3082 | D:2      | Reached XP level 6. HP: 52/53 MP: 6/6
  3327 | D:2      | Found a shimmering altar of Xom.
  3327 | D:2      | Found an ancient bone altar of Kikubaaqudgha.
  3332 | D:2      | Found a faded altar of an unknown god.
  3334 | D:2      | Found a shattered altar of Ashenzari.
  3336 | D:2      | Found a hazy altar of Hepliaklqana.
  3409 | D:2      | Found an opulent altar of Gozag.
  3463 | D:2      | Found a shadowy altar of Dithmenos.
  4274 | D:2      | Found a shimmering altar of Xom.
  4274 | D:2      | Found an ancient bone altar of Kikubaaqudgha.
  4279 | D:2      | Found a faded altar of an unknown god.
  4281 | D:2      | Found a shattered altar of Ashenzari.
  4283 | D:2      | Found a hazy altar of Hepliaklqana.
  4355 | D:2      | Found an opulent altar of Gozag.
  4409 | D:2      | Found a shadowy altar of Dithmenos.
  5569 | D:4      | Noticed Natasha
  5594 | D:4      | Slain by Natasha

Vault maps used:
D:1:      evilmike_arrival_run_for_it, kennysheep_crisscross,
          hangedman_abyss_or_decor_lesser_grid
D:2:      grunt_dithmenos_smoke_and_mirrors, grunt_gozag_statues,
          chequers_temple_overflow_minitemple, uniq_natasha
D:3:      wad_lake_hut, corner_web_ring, hangedman_decor_slide_cut, uniq_jessica
D:4:      grunt_temple_overflow_diamond, lightli_temple_of_fire, first_ration,
          doesnt_xom_only_xom

Skill      XL: |  1  2  3  4  5 |
---------------+----------------+-----
Dodging        | 1 2 3 |  3.1
Bows           | 3 4 5 |  5.4
Fighting       | |  4.3
Axes           | |  1.0
Stealth        | |  1.0
Shields        | |  1.0

Action                   |  1- 3 |  4- 6 || total
-------------------------+-------+-------++-------
Melee: Hand axe          |    53 |   186 ||   239
       Tailslap          |     5 |    16 ||    21
  Use: Potion            |       |     2 ||     2
 Stab: Sleeping          |     2 |     2 ||     4
  Eat: Chunk             |       |     8 ||     8
       Ration            |       |     2 ||     2
Armor: Skin              |    12 |    52 ||    64
Dodge: Dodged            |    26 |   133 ||   159

Table legend:
 A = Non-vault XP
 B = Vault XP
 C = Vault XP percentage of total XP
 D = Non-vault monster count
 E = Vault monster count
 F = Vault count percentage of total count
                 A         B        C        D         E       F
            +---------+---------+-------+---------+---------+-------
      Total |     366 |      78 |  17.6 |      66 |       3 |   4.3
            +---------+---------+-------+---------+---------+-------
        D:1 |      66 |       5 |   7.0 |      16 |       1 |   5.9
        D:2 |     141 |      36 |  20.3 |      29 |       1 |   3.3
        D:3 |     118 |      37 |  23.9 |      18 |       1 |   5.3
        D:4 |      41 |       0 |   0.0 |       3 |       0 |   0.0
            +---------+---------+-------+---------+---------+-------
